 Dungeon Crawl Stone Soup version 0.30.1-1-g62c8e00024 (webtiles) character file.

Game seed: 2154976568164680796

5962 javelincjr the Chiller (level 10, -5/84 HPs)
             Began as a Hill Orc Wanderer on July 17, 2023.
             Was an Initiate of Vehumet.
             Slain by an ice devil (30 damage)
             ... on level 10 of the Dungeon.
             The game lasted 00:48:08 (11052 turns).

javelincjr the Chiller (Hill Orc Wanderer)         Turns: 11052, Time: 00:48:08

Health: -5/84      AC:  6    Str: 14    XL:     10   Next: 84%
Magic:  1/19       EV: 12    Int: 17    God:    Vehumet [......]
Gold:   521        SH:  4    Dex: 11    Spells: 13/22 levels left

rFire   + . .        w - staff of conjuration
rCold   x . .        S - +0 buckler
rNeg    . . .        c - +0 robe
rPois   .            R - +0 helmet
rElec   .            h - +0 cloak
rCorr   .            i - +0 pair of gloves
SInv    .            N - +0 pair of boots
Will    .....        (no amulet)
Stlth   ++           u - ring of fire
HPRegen 0.34/turn    (no ring)
MPRegen 0.16/turn

%: no passive effects
@: freezing walls
A: no striking features
a: Renounce Religion


You were on level 10 of the Dungeon.
You worshipped Vehumet.
Vehumet was noncommittal.
You visited 2 branches of the dungeon, and saw 11 of its levels.

You collected 521 gold pieces.

Inventory:

Hand Weapons
 a - a +0 club
 l - a +0 mace
 s - a +2 short sword of protection
 Q - a +2 quarterstaff of chaos
 U - a +0 halberd of distortion
Missiles
 f - 98 stones
 q - 28 poisoned darts
Armour
 c - a +0 robe (worn)
 h - a +0 cloak (worn)
 i - a +0 pair of gloves (worn)
 N - a +0 pair of boots (worn)
 O - a scarf of shadows
 R - a +0 helmet (worn)
 S - a +0 buckler (worn)
Magical Staves
 w - a staff of conjuration (weapon)
Jewellery
 p - an amulet of guardian spirit
 u - a ring of fire (left hand)
Wands
 d - a wand of polymorph (3)
 E - a wand of mindburst (16)
 M - a wand of flame (37)
 P - a wand of acid (8)
 T - a wand of roots (3)
Scrolls
 j - 4 scrolls of blinking {unknown}
 k - 4 scrolls of teleportation {unknown}
 o - 8 scrolls of identify {unknown}
 t - 2 scrolls of torment {unknown}
 v - a scroll of fear {unknown}
 x - a scroll of enchant weapon {unknown}
 y - 2 scrolls of amnesia {unknown}
 D - a scroll of brand weapon {unknown}
 F - 2 scrolls of noise {unknown}
 G - 2 scrolls of enchant armour {unknown}
 H - 2 scrolls of immolation {unknown}
 J - 3 scrolls of magic mapping {unknown}
 K - a scroll of acquirement {unknown}
Potions
 b - 4 potions of lignification
 e - 3 potions of berserk rage {unknown}
 g - 5 potions of curing
 m - 2 potions of might {unknown}
 n - 3 potions of resistance
 r - 2 potions of heal wounds
 z - 3 potions of flight {unknown}
 A - a potion of brilliance {unknown}
 B - a potion of mutation {unknown}
 C - a potion of attraction {unknown}
 I - a potion of haste {unknown}
 L - 3 potions of ambrosia {unknown}


   Skills:
 + Level 6.9 Fighting
 + Level 4.7 Dodging
 - Level 1.2 Stealth
 + Level 2.0 Shields
 * Level 6.5 Spellcasting
 + Level 5.8 Conjurations
 - Level 1.3 Necromancy
 + Level 6.2 Fire Magic
 + Level 7.2 Ice Magic
 - Level 2.2 Evocations


You had 13 spell levels left.
You knew the following spells:

 Your Spells              Type           Power      Damage    Failure   Level
a - Freeze                Ice            100%       1d10      1%          1
b - Foxfire               Conj/Fire      100%       2x1d9     1%          1
c - Frozen Ramparts       Ice            60%        1d10      2%          3
d - Sticky Flame          Conj/Fire      55%        2d7       14%         4

Your spell library contained the following spells:

 Spells                   Type           Power      Damage    Failure   Level
 Kiss of Death            Conj/Necr      100%       2d13      3%          1
 Inner Flame              Hex/Fire       24%        N/A       14%         3
 Volatile Blastmotes      Fire/Tloc      48%        2d14      14%         3
 Flame Wave               Conj/Fire      55%        2d13      14%         4
 Beastly Appendage        Tmut           10%        N/A       17%         1
 Slow                     Hex            20%        N/A       17%         1
 Sting                    Tmut/Pois      20%        1d4       17%         1
 Lesser Beckoning         Tloc           10%        N/A       26%         2
 Poisonous Vapours        Pois/Air       10%        N/A       26%         2
 Vampiric Draining        Necr           10%        2d6       28%         3
 Ice Form                 Ice/Tmut       17%        N/A       36%         4
 Fireball                 Conj/Fire      27%        3d12      36%         5
 Confusing Touch          Hex            5%         N/A       45%         3
 Gell's Gravitas          Tloc           5%         N/A       45%         3
 Teleport Other           Tloc           5%         N/A       45%         3
 Fulminant Prism          Conj/Hex       11%        3d9       45%         4
 Iskenderun's Mystic Bla  Conj/Tloc      23%        2d6       45%         4
 Olgreb's Toxic Radiance  Pois           5%         N/A       86%         4
 Starburst                Conj/Fire      27%        6d9       91%         6
 Lee's Rapid Deconstruct  Erth           2%         3d5*      99%         5
 Plasma Beam              Fire/Air       12%        2x1d25    100%        6


Dungeon Overview and Level Annotations

Branches:
Dungeon (10/15)            Temple (1/1) D:5
   Lair: D:8-11         Orc: D:9-12

Altars:
Ashenzari
Cheibriados
Dithmenos
Elyvilon
Fedhas
Gozag
Hepliaklqana
Kikubaaqudgha
Makhleb
Nemelex Xobeh
Okawaru
Qazlal
Ru
Sif Muna
Trog
Uskayaw
Vehumet
Wu Jian
Xom
Yredelemnul
Zin
The Shining One


Message History

Confirm with . or Enter, or press ? or * to list all spells.
Aiming: Freeze (safe; 1% risk of failure)
Press: ? - help, Shift-Dir - straight line, f/p - steam dragon
Aim: a steam dragon (almost dead, covered in liquid flames)
You freeze the steam dragon.
The steam dragon is almost dead.
The steam dragon burns!
You kill the steam dragon!
Vehumet accepts your kill.
The steam dragon scales are intact enough to wear.
The ice devil completely resists.
The wall freezes the ice devil but does no damage.
Your Shields skill increases to level 2!
Casting: Freeze (safe; 1% risk of failure)
Confirm with . or Enter, or press ? or * to list all spells.
Aiming: Sticky Flame (dangerous; 14% risk of failure)
Press: ? - help, Shift-Dir - straight line, f - ice devil
Aim: an ice devil You feel a strong surge of power!
The sticky flame hits the ice devil.
The ice devil is burned terribly!
The ice devil is lightly wounded.
The ice devil is covered in liquid flames!
The ice devil burns!
The ice devil completely resists.
The wall freezes the ice devil but does no damage.
The ice devil hits you! The ice devil freezes you!!
You feel a terrible chill!
You are too injured to fight recklessly!
Unknown command.
You are too injured to fight recklessly!
Casting: Sticky Flame (dangerous; 14% risk of failure)
Confirm with . or Enter, or press ? or * to list all spells.
Aiming: Freeze (safe; 1% risk of failure)
Press: ? - help, Shift-Dir - straight line, f/p - ice devil
Aim: an ice devil (moderately wounded, covered in liquid flames)
You freeze the ice devil but do no damage.
The ice devil completely resists.
The ice devil burns!
The wall freezes the ice devil but does no damage.
The ice devil hits you!
* * * LOW HITPOINT WARNING * * *
The ice devil freezes you!!
You feel a terrible chill!
You die...

.#. ## ## ### # +#.. #
... .... .. #.#. .##
#.#. #4# ###.#. ≈ #@#
##...#.
≈≈≈≈###§##########.##...
##.§..<...........#.#
################.#....
##.).## #####


You could see an ice devil (burning).

Vanquished Creatures
  4 hornets
  A wyvern (D:8)
  A yak (D:7)
  A basilisk (D:10)
  2 vampire mosquitoes (D:10)
  7 steam dragons
  Menkaure (D:7)
  2 water moccasins (D:8)
  11 orc warriors
  4 sky beasts
  2 black bears
  An ogre (D:5)
  A kobold brigand (D:8)
  8 bullfrogs
  A scorpion (D:7)
  A gnoll sergeant (D:8)
  A killer bee (D:9)
  2 howler monkeys
  5 hounds
  2 jellies
  2 orc priests
  Crazy Yiuf (D:7)
  3 iguanas
  Terence (D:2)
  8 orc wizards
  5 gnolls (D:8)
  7 adders
  A shadow imp (D:7)
  4 white imps
  An ufetubus (D:2)
  2 worms
  2 dart slugs
  32 orcs
  6 ball pythons
  4 endoplasms
  4 giant cockroaches
  8 goblins
  11 hobgoblins
  2 quokkas
  4 bats
  4 frilled lizards
  10 kobolds
  4 rats
184 creatures vanquished.

Vanquished Creatures (others)
  556 foxfires
556 creatures vanquished.

Grand Total: 740 creatures vanquished

Notes
Turn   | Place    | Note
-------+----------+-------------------------------------------
     0 | D:1      | javelincjr the Hill Orc Wanderer began the quest for the
                  | Orb.
     0 | D:1      | javelincjr set off with the following items: a +0 club, a
                  | potion of lignification, a +0 robe, a wand of polymorph
                  | (5); and the following spells available to memorise:
                  | Freeze, Kiss of Death, Frozen Ramparts, Vampiric Draining,
                  | Ice Form.
     0 | D:1      | Reached XP level 1. HP: 14/14 MP: 2/2
     2 | D:1      | Learned a level 1 spell: Freeze
   228 | D:1      | Reached XP level 2. HP: 20/20 MP: 3/3
   285 | D:1      | Learned a level 1 spell: Foxfire
  1121 | D:2      | Reached XP level 3. HP: 18/27 MP: 0/4
  1522 | D:2      | Reached skill level 1 in Fighting
  1990 | D:2      | Reached XP level 4. HP: 20/35 MP: 2/6
  2138 | D:2      | Noticed Terence
  2146 | D:2      | Killed Terence
  2147 | D:2      | Reached skill level 1 in Conjurations
  2147 | D:2      | Reached skill level 1 in Fire Magic
  2693 | D:3      | You fall into a shaft and drop 3 floors!
  2776 | D:6      | Learned a level 3 spell: Frozen Ramparts
  2782 | D:6      | Reached XP level 5. HP: 41/41 MP: 2/8
  2869 | D:6      | Reached skill level 1 in Dodging
  2871 | D:5      | Entered Level 5 of the Dungeon
  3006 | D:3      | Reached skill level 5 in Ice Magic
  3006 | D:3      | Reached XP level 6. HP: 43/48 MP: 0/9
  4213 | D:4      | Reached XP level 7. HP: 56/56 MP: 6/11
  4533 | D:4      | Found an opulent altar of Gozag.
  4533 | D:4      | Found a bloodstained altar of Trog.
  4595 | D:4      | Found a hide-covered altar of Uskayaw.
  4597 | D:4      | Found a burning altar of Makhleb.
  4599 | D:4      | Found a broken altar of Ashenzari.
  4918 | D:5      | Found a staircase to the Ecumenical Temple.
  4952 | Temple   | Entered the Ecumenical Temple
  5369 | D:5      | Found a shadowy altar of Dithmenos.
  5690 | D:6      | Reached XP level 8. HP: 64/64 MP: 8/13
  6117 | D:7      | Noticed Menkaure
  6120 | D:7      | Killed Menkaure
  6198 | D:7      | Noticed a yak
  6208 | D:7      | Killed a yak
  6812 | D:7      | Found a runed translucent door.
  6813 | D:7      | Noticed Crazy Yiuf
  6820 | D:7      | Killed Crazy Yiuf
  6821 | D:7      | Reached skill level 6 in Ice Magic
  6959 | D:7      | Reached XP level 9. HP: 73/73 MP: 7/15
  6963 | D:7      | Reached skill level 5 in Fighting
  7495 | D:8      | Reached skill level 5 in Spellcasting
  7913 | D:8      | Reached skill level 5 in Fire Magic
  7922 | D:8      | Noticed a hornet
  8125 | D:8      | Paralysed by a hornet for 2 turns
  8130 | D:8      | Killed a hornet
  8531 | D:8      | Reached skill level 5 in Conjurations
  8531 | D:8      | Reached XP level 10. HP: 80/83 MP: 12/18
  9626 | D:9      | Learned a level 4 spell: Sticky Flame
 10079 | D:9      | Reached skill level 1 in Shields
 10079 | D:9      | Reached skill level 7 in Ice Magic
 10245 | D:9      | Paralysed by a hornet for 2 turns
 10806 | D:10     | Entered Level 10 of the Dungeon
 10979 | D:10     | Found a radiant altar of Vehumet.
 10979 | D:10     | Found an ancient bone altar of Kikubaaqudgha.
 10990 | D:10     | Became a worshipper of Vehumet
 10994 | D:10     | Found a shimmering blue altar of Sif Muna.
 10999 | D:10     | Got Sif Muna's Verses on the Shift
 11052 | D:10     | Slain by an ice devil

Illustrated notes

Levels and vault maps discovered:
D:1:      dpeg_arrival_snail, layout_loops_ring
D:2:      layout_loops_corners, roderic_lattice_a, minmay_puff, uniq_terence
D:3:      layout_loops_ring
D:4:      layout_cave_pools, chequers_temple_overflow_minitemple
D:5:      layout_cave_pools, kennysheep_little_box,
          minmay_temple_entry_crystal_x, nicolae_figureground_sparkle
D:6:      layout_basic
D:7:      minmay_opposing_rooms, layout_cave_pools, uniq_crazy_yiuf_cottage,
          uniq_menkaure
D:8:      minmay_razor_zed, layout_basic, grunt_decor_junction,
          minmay_parallelograms
D:9:      layout_loops_ring, kennysheep_generic_room_4
D:10:     layout_loops_ring, grunt_temple_overflow_magic_moments,
          dilly_guarded_unrand_elemental_staff
Temple:   oiseaux_autumnal_temple

Skill      XL: |  1  2  3  4  5  6  7  8  9 10 |
---------------+-------------------------------+-----
Fighting       | 1 2 3 4 5 6 |  6.9
Conjurations   | 1 2 3 4 5 |  5.8
Fire Magic     | 1 2 3 4 5 6 |  6.2
Spellcasting   | 2 3 4 5 6 |  6.5
Dodging        | 1 2 3 4 |  4.7
Ice Magic      | 5 6 7 |  7.2
Shields        | 2 |  2.0
Stealth        | |  1.2
Necromancy     | |  1.3
Evocations     | |  2.2

Action                     |  1- 3 |  4- 6 |  7- 9 | 10-12 || total
---------------------------+-------+-------+-------+-------++-------
  Melee: Club              |    10 |       |       |       ||    10
         Mace              |    23 |       |       |       ||    23
         Short sword       |    27 |       |       |       ||    27
         Staff             |    21 |    54 |    45 |    23 ||   143
   Cast: Freeze            |     7 |    10 |    13 |    19 ||    49
         Foxfire           |    29 |    82 |   154 |    74 ||   339
         Frozen Ramparts   |       |     3 |    20 |    18 ||    41
         Sticky Flame      |       |       |       |    10 ||    10
  Evoke: Wand              |     2 |       |     2 |       ||     4
    Use: Potion            |       |       |     3 |       ||     3
   Stab: Sleeping          |     1 |     2 |       |       ||     3
 Armour: Robe              |    49 |    17 |    27 |    19 ||   112
  Dodge: Dodged            |    74 |    38 |    73 |    43 ||   228
  Block: Buckler           |       |       |       |     6 ||     6
